 Dungeon Crawl Stone Soup version 0.22-a0-567-gff9aefc (webtiles) character file.

688 galech the Skirmisher (level 7, -3/114 HPs)
             Began as an Ogre Berserker on June 29, 2018.
             Was a Priest of Trog.
             Slain by an ogre
             ... wielding a +0 giant club
              (19 damage)
             ... on level 5 of the Dungeon.
             The game lasted 00:05:13 (5284 turns).

galech the Skirmisher (Ogre Berserker)              Turns: 5284, Time: 00:05:14

Health: -3/114     AC:  3    Str: 29    XL:     7   Next: 62%
Magic:  7/7        EV: 11    Int:  8    God:    Trog [***...]
Gold:   163        SH:  0    Dex:  8    Spells: 6/6 levels left

rFire    . . .     SeeInvis .   a - +0 mace
rCold    + . .     Gourm    .   (no shield)
rNeg     . . .     Faith    .   b - +0 animal skin
rPois    .         Spirit   .   (helmet restricted)
rElec    .         Reflect  .   (no cloak)
rCorr    .         Harm     .   (gloves unavailable)
MR       +....                  (boots unavailable)
Stlth    ..........             (no amulet)
HPRegen  0.29/turn              e - ring of protection from cold
MPRegen  0.10/turn              k - ring of protection from magic

@: berserking, very quick
A: large, unfitting armour, tough skin 1
a: Berserk, Trog's Hand, Renounce Religion


You were on level 5 of the Dungeon.
You worshipped Trog.
Trog was most pleased with you.
You were not hungry.

You visited 1 branch of the dungeon, and saw 5 of its levels.

You collected 163 gold pieces.

Inventory:

Hand Weapons
 a - a +0 mace (weapon)
Armour
 b - a +0 animal skin (worn)
Jewellery
 e - a ring of protection from cold (left hand)
 k - a ring of protection from magic (right hand)
Wands
 m - a wand of flame (15)
Scrolls
 d - 4 scrolls of remove curse
 f - 4 scrolls of teleportation
 h - a scroll of blinking
 j - a scroll of random uselessness
 o - 3 scrolls of magic mapping
 p - 2 scrolls of immolation
 q - 3 scrolls of fear
 t - a scroll of enchant weapon {unknown}
 v - a scroll of enchant armour {unknown}
 x - a scroll of summoning {unknown}
Potions
 g - a potion of magic {unknown}
 i - a potion of might {unknown}
 l - 2 potions of berserk rage {unknown}
 n - a potion of invisibility {unknown}
 r - 2 potions of haste {unknown}
 s - 2 potions of heal wounds {unknown}
 u - 2 potions of curing {unknown}
 w - a potion of brilliance {unknown}
Comestibles
 c - 9 rations


   Skills:
 + Level 6.6 Fighting
 + Level 5.7 Maces & Flails
 + Level 4.4 Dodging
 + Level 1.0 Stealth


You had 6 spell levels left.
You didn't know any spells.
Your spell library was empty.

Dungeon Overview and Level Annotations

Branches:
Dungeon (5/15)
 Temple: D:4-7

Altars:
Nemelex Xobeh


Innate Abilities, Weirdness & Mutations

You are too large for most types of armour.
You have tough skin. (AC +1)


Message History

You are too injured to fight recklessly!
You are too injured to fight recklessly!
You are too injured to fight recklessly!
You are too injured to fight recklessly!
You are too injured to fight recklessly!
You are too injured to fight recklessly!
You are too injured to fight recklessly!
You are too injured to fight recklessly!
You are too injured to fight recklessly!
You are too injured to fight recklessly!
A red film seems to cover your vision as you go berserk!
You feel yourself moving faster!
You feel mighty!
You feel a lot more hungry. The ogre hits you with a giant club!!
* * * LOW HITPOINT WARNING * * *
You barely miss the ogre.
The ogre is heavily wounded.
You sock the ogre!
The ogre is almost dead.
The ogre hits you with a giant club!!
You die...

#..###..#.#############
#.......#.# #.####.##.#
#......##.# ....#.###.#
###..#.##.#
#.###)#.####
.....##.....##########
#.#.#.#.#.......@O....#
#.#...........#######.#
# #.#.#.......#
...##.....## ###.
##.#### #. #.# #. #.#
#. #+# #.


You could see an ogre.

Vanquished Creatures
  The ghost of inc the Sneak, an amateur OpEn of Gozag (D:4)
  A phantom (D:5)
  A scorpion (D:4)
  A hound (D:4)
  An orc wizard (D:3)
  2 centaur skeletons (D:4)
  An iguana (D:4)
  3 worker ants
  A hound skeleton (D:3)
  Robin (D:4)
  5 adders
  4 worms
  5 dart slugs
  4 leopard geckos
  6 orcs
  6 bats
  8 giant cockroaches
  11 goblins
  7 hobgoblins
  2 jackals (D:3)
  A ball python (D:3)
  6 frilled lizards
  7 kobolds
  5 rats
90 creatures vanquished.

Notes
Turn   | Place    | Note
-------+----------+-------------------------------------------
     0 | D:1      | galech the Ogre Berserker began the quest for the Orb.
     0 | D:1      | Reached XP level 1. HP: 24/24 MP: 1/1
     6 | D:1      | Noticed a wyvern
     6 | D:1      | Noticed an iguana
     7 | D:1      | Noticed an anaconda
     7 | D:1      | Noticed a wolf
   112 | D:1      | Reached XP level 2. HP: 6/32 MP: 2/2
   882 | D:2      | Reached XP level 3. HP: 23/40 MP: 3/3
  1377 | D:2      | Reached ** piety under Trog
  1377 | D:2      | Reached XP level 4. HP: 42/49 MP: 4/4
  1740 | D:2      | Found a sparkling altar of Nemelex Xobeh.
  2143 | D:3      | Reached skill level 5 in Fighting
  2277 | D:3      | Reached XP level 5. HP: 40/57 MP: 5/5
  3443 | D:4      | Reached XP level 6. HP: 40/66 MP: 6/6
  3895 | D:4      | Reached *** piety under Trog
  3944 | D:4      | Noticed Robin
  3951 | D:4      | Killed Robin
  4581 | D:4      | Found a runed door.
  4582 | D:4      | Noticed inc's ghost (amateur OpEn)
  4592 | D:4      | Killed inc's ghost
  4592 | D:4      | Reached skill level 6 in Fighting
  4592 | D:4      | Reached skill level 5 in Maces & Flails
  4592 | D:4      | Reached XP level 7. HP: 76/76 MP: 7/7
  4821 | D:5      | Entered Level 5 of the Dungeon
  5086 | D:5      | Reached skill level 1 in Stealth
  5284 | D:5      | Slain by an ogre

Vault maps used:
D:1:      onia_arrival_zoo_common
D:2:      lemuel_round_altar
D:3:      first_ration
D:4:      ebering_ghost_reflecting_pool, uniq_robin

Skill      XL: |  1  2  3  4  5  6  7 |
---------------+----------------------+-----
Maces & Flails | 3 4 5 |  5.7
Dodging        | 3 4 |  4.4
Fighting       | 5 6 |  6.6
Stealth        | 1 |  1.0

Action                   |  1- 3 |  4- 6 |  7- 9 || total
-------------------------+-------+-------+-------++-------
Melee: Mace              |    91 |   230 |    35 ||   356
Invok: Berserk           |     3 |     5 |     1 ||     9
       Trog's Hand       |       |     1 |       ||     1
  Use: Scroll            |       |     7 |       ||     7
 Stab: Sleeping          |       |       |     1 ||     1
  Eat: Chunk             |     4 |    15 |       ||    19
       Ration            |       |       |     1 ||     1
Armor: Animal skin       |    22 |    43 |     5 ||    70
Dodge: Dodged            |    57 |   147 |     9 ||   213

Table legend:
 A = Spawn XP
 B = Non-spawn XP
 C = Spawn XP percentage of total XP
 D = Spawn monster count
 E = Non-spawn monster count
 F = Spawn count percentage of total count
 G = Total turns spent on level
                    A         B        C        D         E        F      G
               +---------+---------+-------+---------+---------+-------+---------
         Total |       0 |     983 |   0.0 |       0 |      90 |   0.0 |  5284
               +---------+---------+-------+---------+---------+-------+---------
           D:1 |       0 |      31 |   0.0 |       0 |      16 |   0.0 |   831
           D:2 |       0 |      82 |   0.0 |       0 |      19 |   0.0 |  1065
           D:3 |       0 |     178 |   0.0 |       0 |      29 |   0.0 |  1423
           D:4 |       0 |     534 |   0.0 |       0 |      24 |   0.0 |  1502
           D:5 |       0 |     158 |   0.0 |       0 |       2 |   0.0 |   463
               +---------+---------+-------+---------+---------+-------+---------
